General information
- name: BNet
- type: Ladder team game (AT/RT)
- host: Battle.net
- saver: Highper.ch
map: Mur'gulOasis
- players: 8
- length: 67:16
- speed: Fast
- version: 1.26 W3XP
- replay type: Public
» download(298 KB)
Players
team 1 (winner)
LionHeartM (
blue | 37 APM | 1070 actions | 28:45)
4 Death Knight
2 Unholy Aura
2 Death Coil
4 Dreadlord
2 Sleep
2 Vampiric Aura
» actions
| Assign group hotkey | 3 | |
| Basic commands | 13 | |
| Build / train | 97 | |
| Enter build submenu | 22 | |
| Enter hero's abilities submenu | 8 | |
| Give item / drop item | 1 | |
| Right click | 547 | |
| Select / deselect | 325 | |
| Select group hotkey | 7 | |
| Use ability | 47 | |
1070 total
» units
| Acolyte | 22 | |
| Ghoul | 14 | |
| Frost Wyrm | 18 | |
| Crypt Fiend | 2 | |
56 total
» upgrades
| Creature Attack | 2 | |
| Creature Carapace | 3 | |
| Freezing Breath | 1 | |
| Web | 1 | |
7 total
» buildings
| Ziggurat | 7 | |
| Altar of Darkness | 1 | |
| Crypt | 3 | |
| Nerubian Tower | 9 | |
| Tomb of Relics | 1 | |
| Halls of the Dead | 3 | |
| Graveyard | 1 | |
| Black Citadel | 1 | |
| Sacrificial Pit | 1 | |
| Boneyard | 2 | |
29 total
» build order
00:08 Ziggurat
00:10 Altar of Darkness
00:14 Crypt
01:01 Nerubian Tower
01:01 Nerubian Tower
01:01 Nerubian Tower
01:17 Ziggurat
02:09 Nerubian Tower
02:09 Nerubian Tower
02:54 Tomb of Relics
03:04 Ziggurat
04:08 Halls of the Dead
04:08 Halls of the Dead
04:08 Halls of the Dead
04:13 Graveyard
04:31 Nerubian Tower
06:33 Black Citadel
06:50 Sacrificial Pit
07:04 Ziggurat
07:15 Ziggurat
09:00 Boneyard
09:06 Boneyard
09:19 Ziggurat
09:23 Nerubian Tower
09:23 Nerubian Tower
17:04 Crypt
17:08 Crypt
17:11 Ziggurat
» items
| Dust of Appearance | 1 | |
| Lesser Clarity Potion | 1 | |
| Rod of Necromancy | 1 | |
| Orb of Corruption | 1 | |
| Scroll of Town Portal | 1 | |
5 total
Solo.Dip (
teal | 24 APM | 1607 actions | 67:16)
6 Death Knight
3 Death Coil
3 Unholy Aura
» actions
| Assign group hotkey | 7 | |
| Basic commands | 27 | |
| Build / train | 56 | |
| Enter build submenu | 13 | |
| Enter hero's abilities submenu | 6 | |
| Give item / drop item | 1 | |
| Right click | 1028 | |
| Select / deselect | 399 | |
| Select group hotkey | 10 | |
| Use ability | 59 | |
1607 total
» units
| Acolyte | 2 | |
| Ghoul | 4 | |
| Crypt Fiend | 17 | |
| Obsidian Statue | 4 | |
| Abomination | 4 | |
31 total
» upgrades
| Creature Attack | 3 | |
| Web | 1 | |
| Creature Carapace | 2 | |
| Destroyer Form | 1 | |
| Burrow | 1 | |
8 total
» buildings
| Altar of Darkness | 1 | |
| Ziggurat | 7 | |
| Crypt | 1 | |
| Nerubian Tower | 1 | |
| Graveyard | 1 | |
| Halls of the Dead | 1 | |
| Tomb of Relics | 1 | |
| Slaughterhouse | 1 | |
| Black Citadel | 1 | |
| Spirit Tower | 1 | |
16 total
» build order
00:12 Altar of Darkness
00:25 Ziggurat
00:42 Crypt
01:13 Ziggurat
01:23 Nerubian Tower
02:21 Graveyard
03:20 Halls of the Dead
04:32 Tomb of Relics
05:29 Ziggurat
05:31 Ziggurat
05:44 Slaughterhouse
10:37 Black Citadel
12:37 Ziggurat
12:39 Ziggurat
12:40 Ziggurat
21:47 Spirit Tower
» items
| Healing Salve | 1 | |
| Rod of Necromancy | 1 | |
| Orb of Corruption | 1 | |
| Staff of Teleportation | 1 | |
| Boots of Speed | 1 | |
5 total
Q(o.o)9ComeAtMe (
red | 65 APM | 4342 actions | 67:16)
8 Blademaster
3 Wind Walk
3 Critical Strike
1 Bladestorm
1 Mirror Image
» actions
| Assign group hotkey | 115 | |
| Basic commands | 409 | |
| Build / train | 98 | |
| Enter build submenu | 110 | |
| Enter hero's abilities submenu | 8 | |
| Give item / drop item | 18 | |
| Remove unit from queue | 6 | |
| Right click | 1555 | |
| Select / deselect | 636 | |
| Select group hotkey | 1087 | |
| Use ability | 297 | |
4342 total
» units
| Peon | 22 | |
| Grunt | 4 | |
| Troll Batrider | 8 | |
| Demolisher | 6 | |
| Wind Rider | 3 | |
43 total
» upgrades
| Ranged Weapons | 3 | |
| Troll Regeneration | 1 | |
| Liquid Fire | 1 | |
| Armor | 3 | |
| Reinforced Defenses | 1 | |
| Burning Oil | 1 | |
| Berserker Strength | 0 | |
| Envenomed Spears | 1 | |
| War Drums Damage Increase | 1 | |
12 total
» buildings
| Orc Burrow | 25 | |
| Altar of Storms | 1 | |
| Barracks | 4 | |
| Voodoo Lounge | 2 | |
| Stronghold | 1 | |
| War Mill | 3 | |
| Beastiary | 4 | |
| Fortress | 1 | |
| Watch Tower | 145 | |
| Great Hall | 3 | |
| Spirit Lodge | 2 | |
191 total
» build order
00:12 Orc Burrow
00:36 Altar of Storms
00:51 Barracks
01:19 Orc Burrow
01:41 Voodoo Lounge
03:03 Stronghold
03:54 War Mill
04:31 Orc Burrow
05:32 Beastiary
05:33 Beastiary
06:51 Fortress
06:55 Orc Burrow
09:17 Watch Tower
09:17 Watch Tower
09:18 Watch Tower
09:18 Watch Tower
10:00 Great Hall
11:04 Watch Tower
11:55 Voodoo Lounge
11:57 Watch Tower
14:46 War Mill
16:00 Beastiary
16:02 Beastiary
18:33 Great Hall
18:38 Watch Tower
18:39 Watch Tower
18:39 Watch Tower
18:39 Watch Tower
18:41 Watch Tower
18:41 Watch Tower
18:41 Watch Tower
18:42 Watch Tower
19:30 Barracks
19:31 Barracks
20:08 Spirit Lodge
20:10 Spirit Lodge
20:20 Barracks
24:24 Watch Tower
24:25 Watch Tower
24:25 Watch Tower
24:25 Watch Tower
24:27 Watch Tower
24:27 Watch Tower
24:28 Watch Tower
24:30 Watch Tower
24:31 Watch Tower
24:31 Watch Tower
24:33 Watch Tower
24:33 Watch Tower
24:34 Watch Tower
24:34 Watch Tower
24:34 Watch Tower
24:35 Watch Tower
24:35 Watch Tower
24:36 Watch Tower
24:36 Watch Tower
24:37 Watch Tower
24:42 War Mill
28:16 Orc Burrow
29:58 Orc Burrow
29:59 Orc Burrow
30:00 Orc Burrow
30:02 Orc Burrow
30:05 Orc Burrow
30:06 Orc Burrow
30:07 Orc Burrow
30:09 Orc Burrow
30:10 Orc Burrow
30:20 Orc Burrow
30:21 Orc Burrow
30:22 Orc Burrow
30:23 Orc Burrow
30:24 Orc Burrow
30:26 Orc Burrow
30:27 Orc Burrow
30:28 Orc Burrow
30:29 Orc Burrow
31:30 Orc Burrow
31:32 Orc Burrow
33:36 Watch Tower
33:39 Watch Tower
33:42 Watch Tower
33:43 Watch Tower
33:44 Watch Tower
33:45 Watch Tower
33:48 Watch Tower
33:49 Watch Tower
33:52 Watch Tower
33:54 Watch Tower
33:58 Watch Tower
34:04 Watch Tower
34:05 Watch Tower
34:06 Watch Tower
34:08 Watch Tower
34:13 Watch Tower
34:14 Watch Tower
34:15 Watch Tower
34:16 Watch Tower
34:18 Watch Tower
34:18 Watch Tower
34:20 Watch Tower
34:21 Watch Tower
34:23 Watch Tower
34:24 Watch Tower
34:25 Watch Tower
34:26 Watch Tower
34:40 Watch Tower
34:41 Watch Tower
34:54 Watch Tower
34:55 Watch Tower
34:56 Watch Tower
35:20 Watch Tower
35:21 Watch Tower
35:25 Watch Tower
35:27 Watch Tower
35:28 Watch Tower
35:29 Watch Tower
35:37 Watch Tower
35:38 Watch Tower
35:39 Watch Tower
35:40 Watch Tower
35:41 Watch Tower
35:44 Watch Tower
35:45 Watch Tower
35:45 Watch Tower
35:46 Watch Tower
36:45 Watch Tower
36:52 Watch Tower
37:48 Watch Tower
45:58 Great Hall
46:03 Watch Tower
46:03 Watch Tower
46:03 Watch Tower
46:05 Watch Tower
46:07 Watch Tower
46:07 Watch Tower
46:07 Watch Tower
47:04 Watch Tower
47:05 Watch Tower
47:06 Watch Tower
47:08 Watch Tower
47:12 Watch Tower
47:13 Watch Tower
47:14 Watch Tower
47:19 Watch Tower
47:20 Watch Tower
47:22 Watch Tower
47:24 Watch Tower
47:53 Watch Tower
47:54 Watch Tower
47:57 Watch Tower
47:59 Watch Tower
48:00 Watch Tower
48:03 Watch Tower
48:10 Watch Tower
48:11 Watch Tower
48:12 Watch Tower
48:13 Watch Tower
48:14 Watch Tower
48:16 Watch Tower
48:17 Watch Tower
48:19 Watch Tower
48:20 Watch Tower
48:21 Watch Tower
48:22 Watch Tower
48:24 Watch Tower
48:25 Watch Tower
48:30 Watch Tower
48:31 Watch Tower
48:32 Watch Tower
48:35 Watch Tower
48:36 Watch Tower
48:37 Watch Tower
48:38 Watch Tower
48:41 Watch Tower
48:42 Watch Tower
48:46 Watch Tower
48:47 Watch Tower
48:48 Watch Tower
48:49 Watch Tower
48:50 Watch Tower
48:50 Watch Tower
48:51 Watch Tower
48:53 Watch Tower
48:55 Watch Tower
48:57 Watch Tower
48:58 Watch Tower
48:59 Watch Tower
49:01 Watch Tower
49:02 Watch Tower
49:03 Watch Tower
» items
| Healing Salve | 8 | |
| Boots of Speed | 1 | |
| Potion of Healing | 4 | |
| Scroll of Town Portal | 3 | |
| Orb of Lightning | 1 | |
| Staff of Teleportation | 1 | |
18 total
AKUBO-FAN (
orange | 57 APM | 3374 actions | 59:24)
4 Blademaster
2 Wind Walk
2 Critical Strike
1 Shadow Hunter
1 Hex
» actions
| Assign group hotkey | 155 | |
| Basic commands | 60 | |
| Build / train | 80 | |
| Enter build submenu | 32 | |
| Enter hero's abilities submenu | 5 | |
| Give item / drop item | 2 | |
| Remove unit from queue | 1 | |
| Right click | 1386 | |
| Select / deselect | 310 | |
| Select group hotkey | 1112 | |
| Use ability | 231 | |
3374 total
» units
| Peon | 17 | |
| Wind Rider | 8 | |
| Kodo Beast | 10 | |
35 total
» upgrades
| Ranged Weapons | 3 | |
| Reinforced Defenses | 1 | |
| Envenomed Spears | 1 | |
| Armor | 3 | |
| War Drums Damage Increase | 1 | |
9 total
» buildings
| Altar of Storms | 1 | |
| Orc Burrow | 6 | |
| War Mill | 2 | |
| Voodoo Lounge | 2 | |
| Watch Tower | 27 | |
| Stronghold | 3 | |
| Beastiary | 3 | |
| Fortress | 2 | |
| Great Hall | 1 | |
47 total
» build order
00:10 Altar of Storms
00:18 Orc Burrow
00:39 War Mill
01:31 Voodoo Lounge
01:56 Watch Tower
02:33 Watch Tower
03:13 Watch Tower
03:49 Stronghold
03:50 Stronghold
04:08 Watch Tower
04:19 Watch Tower
04:32 Watch Tower
04:43 Watch Tower
05:05 Watch Tower
05:37 Orc Burrow
05:54 Watch Tower
05:57 Watch Tower
06:15 Watch Tower
06:47 Beastiary
07:17 Beastiary
08:03 Fortress
08:04 Fortress
08:24 Watch Tower
08:25 Watch Tower
11:15 Orc Burrow
11:15 Orc Burrow
12:28 Watch Tower
12:29 Watch Tower
12:30 Watch Tower
16:02 Orc Burrow
17:38 Great Hall
17:40 Watch Tower
17:40 Watch Tower
17:41 Watch Tower
17:42 Watch Tower
17:43 Watch Tower
17:44 Watch Tower
17:45 Watch Tower
17:45 Watch Tower
19:13 Watch Tower
19:13 Watch Tower
19:15 Watch Tower
19:20 Voodoo Lounge
19:38 War Mill
20:39 Orc Burrow
21:14 Beastiary
» items
| Lesser Clarity Potion | 2 | |
| Healing Salve | 2 | |
| Boots of Speed | 1 | |
| Staff of Teleportation | 2 | |
| Potion of Lesser Invulnerability | 4 | |
| Potion of Mana | 3 | |
| Potion of Healing | 1 | |
| Scroll of Town Portal | 3 | |
| Orb of Lightning | 1 | |
19 total
team 2 (loser)
playa26 (
yellow | 7 APM | 497 actions | 67:16)
7 Blademaster
3 Wind Walk
3 Mirror Image
1 Bladestorm
» actions
| Basic commands | 17 | |
| Build / train | 79 | |
| Enter build submenu | 16 | |
| Enter hero's abilities submenu | 7 | |
| Remove unit from queue | 2 | |
| Right click | 119 | |
| Select / deselect | 226 | |
| Use ability | 31 | |
497 total
» units
| Peon | 23 | |
| Troll Batrider | 13 | |
| Wind Rider | 20 | |
56 total
» upgrades
| Envenomed Spears | 1 | |
| Liquid Fire | 1 | |
| Ranged Weapons | 3 | |
| Armor | 2 | |
7 total
» buildings
| Altar of Storms | 1 | |
| Orc Burrow | 8 | |
| Stronghold | 1 | |
| Voodoo Lounge | 1 | |
| Beastiary | 2 | |
| War Mill | 1 | |
| Fortress | 1 | |
| Watch Tower | 2 | |
17 total
» build order
00:23 Altar of Storms
00:38 Orc Burrow
02:23 Stronghold
02:46 Orc Burrow
03:01 Voodoo Lounge
03:54 Orc Burrow
04:50 Beastiary
04:57 War Mill
06:04 Fortress
06:31 Orc Burrow
07:07 Beastiary
07:37 Orc Burrow
10:10 Orc Burrow
11:14 Orc Burrow
12:51 Orc Burrow
14:33 Watch Tower
17:57 Watch Tower
» items
| Potion of Healing | 2 | |
| Orb of Lightning | 1 | |
| Orb of Fire | 1 | |
4 total
Open(minded) (
green | 56 APM | 832 actions | 14:54)
3 Archmage
2 Blizzard
1 Brilliance Aura
» actions
| Build / train | 43 | |
| Enter build submenu | 19 | |
| Enter hero's abilities submenu | 3 | |
| Remove unit from queue | 1 | |
| Right click | 513 | |
| Select / deselect | 223 | |
| Use ability | 30 | |
832 total
» units
» upgrades
» buildings
| Altar of Kings | 1 | |
| Farm | 8 | |
| Lumber Mill | 1 | |
| Barracks | 2 | |
| Blacksmith | 1 | |
| Keep | 1 | |
| Workshop | 1 | |
15 total
» build order
00:03 Altar of Kings
00:24 Farm
01:01 Lumber Mill
01:26 Barracks
01:50 Farm
02:45 Blacksmith
02:48 Farm
03:30 Barracks
03:49 Farm
04:46 Farm
05:25 Farm
06:07 Farm
06:54 Keep
07:46 Farm
12:50 Workshop
Highper.ch (
purple | 62 APM | 4152 actions | 67:16)
8 Blood Mage
3 Flame Strike
3 Siphon Mana
1 Summon Phoenix
1 Banish
» actions
| Assign group hotkey | 46 | |
| Basic commands | 265 | |
| Build / train | 213 | |
| ESC pressed | 24 | |
| Enter build submenu | 131 | |
| Enter hero's abilities submenu | 8 | |
| Remove unit from queue | 1 | |
| Right click | 1604 | |
| Select / deselect | 755 | |
| Select group hotkey | 843 | |
| Use ability | 262 | |
4152 total
» units
| Peasant | 15 | |
| Footman | 9 | |
| Dragonhawk Rider | 18 | |
| Gryphon Rider | 14 | |
| Sorceress | 1 | |
| Priest | 1 | |
58 total
» upgrades
| Masonry | 3 | |
| Lumber Harvesting | 2 | |
| Swords | 3 | |
| Animal War Training | 1 | |
| Armor | 3 | |
| Storm Hammers | 1 | |
| Cloud | 1 | |
| Sorceress Training | 2 | |
| Magic Sentry | 1 | |
| Priest Training | 2 | |
| Plating | 3 | |
| Gunpowder | 3 | |
| Barrage | 1 | |
| Flak Cannons | 1 | |
| Flying Machine Bombs | 1 | |
| Fragmentation Shards | 1 | |
| Flare | 1 | |
| Backpack | 1 | |
| Long Rifles | 1 | |
| Defend | 1 | |
| Control Magic | 1 | |
34 total
» buildings
| Altar of Kings | 1 | |
| Farm | 38 | |
| Barracks | 1 | |
| Arcane Vault | 2 | |
| Lumber Mill | 1 | |
| Scout Tower | 66 | |
| Keep | 1 | |
| Arcane Tower | 16 | |
| Town Hall | 2 | |
| Guard Tower | 48 | |
| Castle | 2 | |
| Blacksmith | 1 | |
| Gryphon Aviary | 5 | |
| Arcane Sanctum | 1 | |
| Workshop | 1 | |
| Cannon Tower | 8 | |
194 total
» build order
00:04 Altar of Kings
00:13 Farm
00:16 Barracks
01:13 Arcane Vault
01:31 Farm
02:12 Farm
02:57 Farm
03:48 Lumber Mill
05:16 Farm
05:21 Scout Tower
05:36 Keep
06:00 Arcane Tower
06:00 Arcane Tower
07:40 Town Hall
07:45 Scout Tower
07:45 Scout Tower
07:47 Scout Tower
07:48 Scout Tower
07:52 Scout Tower
07:55 Scout Tower
07:58 Scout Tower
08:13 Guard Tower
08:13 Guard Tower
08:14 Guard Tower
08:14 Guard Tower
08:19 Guard Tower
08:19 Guard Tower
08:39 Guard Tower
08:39 Guard Tower
08:45 Guard Tower
09:26 Castle
09:26 Castle
09:49 Arcane Vault
09:51 Scout Tower
09:53 Scout Tower
10:17 Scout Tower
10:26 Blacksmith
10:31 Guard Tower
10:32 Guard Tower
10:38 Scout Tower
10:41 Scout Tower
10:53 Guard Tower
10:54 Guard Tower
11:17 Guard Tower
11:20 Gryphon Aviary
11:21 Gryphon Aviary
11:31 Gryphon Aviary
11:57 Farm
12:10 Gryphon Aviary
12:14 Gryphon Aviary
13:02 Scout Tower
13:03 Scout Tower
13:39 Scout Tower
13:40 Scout Tower
13:41 Scout Tower
13:42 Scout Tower
13:43 Scout Tower
13:45 Scout Tower
13:48 Guard Tower
13:48 Guard Tower
13:49 Guard Tower
13:51 Scout Tower
13:53 Scout Tower
13:59 Scout Tower
14:26 Guard Tower
14:26 Guard Tower
14:26 Guard Tower
14:27 Guard Tower
14:27 Guard Tower
14:28 Guard Tower
14:29 Guard Tower
14:29 Guard Tower
14:29 Guard Tower
15:04 Arcane Tower
15:04 Arcane Tower
15:05 Arcane Tower
15:12 Guard Tower
15:12 Guard Tower
17:51 Farm
17:53 Farm
17:55 Farm
19:11 Farm
19:16 Arcane Sanctum
20:24 Scout Tower
21:41 Arcane Tower
27:43 Town Hall
27:46 Scout Tower
27:48 Scout Tower
27:49 Scout Tower
27:52 Scout Tower
28:30 Guard Tower
28:30 Guard Tower
29:18 Scout Tower
29:19 Scout Tower
29:24 Scout Tower
29:30 Scout Tower
29:33 Scout Tower
29:44 Guard Tower
29:55 Guard Tower
30:03 Guard Tower
30:03 Guard Tower
30:44 Guard Tower
30:44 Guard Tower
31:08 Farm
32:14 Workshop
41:17 Farm
41:18 Farm
41:20 Farm
41:22 Farm
41:24 Farm
41:30 Farm
41:34 Farm
41:40 Farm
41:43 Farm
41:50 Farm
41:55 Farm
41:57 Farm
42:07 Farm
42:17 Farm
42:23 Farm
42:33 Farm
42:44 Farm
42:47 Farm
42:53 Farm
42:59 Farm
43:03 Farm
43:05 Farm
43:08 Farm
43:12 Farm
43:19 Farm
43:21 Farm
43:28 Farm
45:05 Scout Tower
45:07 Scout Tower
45:08 Scout Tower
45:10 Scout Tower
45:12 Scout Tower
45:35 Scout Tower
45:37 Scout Tower
45:41 Scout Tower
45:46 Scout Tower
45:51 Scout Tower
46:04 Scout Tower
46:11 Scout Tower
46:19 Scout Tower
46:25 Scout Tower
46:30 Scout Tower
46:34 Scout Tower
46:59 Scout Tower
47:02 Scout Tower
47:04 Scout Tower
47:09 Scout Tower
47:16 Scout Tower
47:29 Scout Tower
47:35 Scout Tower
47:46 Scout Tower
47:49 Scout Tower
48:00 Scout Tower
48:11 Scout Tower
48:21 Scout Tower
48:25 Scout Tower
48:28 Scout Tower
48:39 Scout Tower
48:49 Scout Tower
49:31 Cannon Tower
49:32 Cannon Tower
49:33 Cannon Tower
49:33 Cannon Tower
49:33 Cannon Tower
49:36 Cannon Tower
49:36 Cannon Tower
49:36 Cannon Tower
60:55 Arcane Tower
60:57 Arcane Tower
61:01 Arcane Tower
61:01 Arcane Tower
61:04 Arcane Tower
61:06 Arcane Tower
61:06 Arcane Tower
61:07 Arcane Tower
» items
| Mechanical Critter | 5 | |
| Lesser Clarity Potion | 4 | |
| Scroll of Regeneration | 8 | |
| Boots of Speed | 1 | |
| Staff of Teleportation | 1 | |
| Potion of Healing | 4 | |
| Scroll of Town Portal | 2 | |
| Potion of Invisibility | 1 | |
| Potion of Mana | 1 | |
| Potion of Lesser Invulnerability | 1 | |
28 total
FSK_ (
pink | 22 APM | 544 actions | 24:47)
3 Warden
2 Shadow Strike
1 Blink
2 Goblin Alchemist
1 Acid Bomb
1 Chemical Rage
» actions
| Basic commands | 8 | |
| Build / train | 60 | |
| Enter build submenu | 24 | |
| Enter hero's abilities submenu | 5 | |
| Give item / drop item | 3 | |
| Remove unit from queue | 4 | |
| Right click | 158 | |
| Select / deselect | 218 | |
| Use ability | 64 | |
544 total
» units
| Wisp | 20 | |
| Huntress | 7 | |
| Archer | 1 | |
| Dryad | 3 | |
| Druid of the Talon | 2 | |
| Hippogryph | 2 | |
35 total
» upgrades
| Ultravision | 1 | |
| Nature's Blessing | 1 | |
| Druid of the Talon Training | 1 | |
| Strength of the Wild | 2 | |
| Abolish Magic | 1 | |
6 total
» buildings
| Altar of Elders | 2 | |
| Moon Well | 6 | |
| Ancient of Wonders | 2 | |
| Hunter's Hall | 1 | |
| Ancient of War | 1 | |
| Ancient Protector | 2 | |
| Tree of Ages | 1 | |
| Ancient of Lore | 1 | |
| Ancient of Wind | 2 | |
| Tree of Life | 1 | |
19 total
» build order
00:12 Altar of Elders
00:17 Moon Well
01:12 Ancient of Wonders
01:20 Hunter's Hall
02:15 Ancient of War
02:51 Moon Well
02:57 Ancient Protector
04:08 Tree of Ages
04:27 Moon Well
05:36 Moon Well
06:38 Ancient Protector
08:13 Ancient of Lore
08:18 Ancient of Wind
08:20 Ancient of Wind
16:38 Altar of Elders
16:54 Moon Well
17:02 Moon Well
18:45 Ancient of Wonders
23:27 Tree of Life
» items
| Scroll of Town Portal | 1 | |
| Dust of Appearance | 3 | |
| Ivory Tower | 3 | |
7 total
Chat log
(00:07 / All) Q(o.o)9ComeAtMe: Come at me bro
(00:11 / Allies) Open(minded): rush
(00:12 / Allies) playa26: wyvs and bats
(00:12 / Allies) Open(minded): hero rush
(00:17 / All) Solo.Dip: u mirin brah?
(00:19 / All) Q(o.o)9ComeAtMe: come at me bro
(00:20 / Allies) Highper.ch: I'm fast expoing
(00:26 / All) AKUBO-FAN: HAIL TO THE KING, BABY
(00:28 / All) FSK_: yo
(00:31 / Allies) FSK_: warden
(00:33 / All) AKUBO-FAN: give me some sugar
(00:40 / Allies) Highper.ch: yes you can, use mechanical critters
(00:41 / Allies) Highper.ch: just watch
(00:50 / Allies) Open(minded): k goold luck taking out hydras
(00:53 / Allies) FSK_: 0.O
(00:54 / Allies) Highper.ch: you don't have to
(00:57 / All) Solo.Dip: my aesthetics shall dominate your bm
(01:59 / All) Q(o.o)9ComeAtMe: ASL all
(02:18 / Allies) Open(minded): fuck orcs
(02:19 / All) Q(o.o)9ComeAtMe: get out of here faggot
(02:23 / Allies) Open(minded): can't rush a bm
(03:08 / Allies) Open(minded): they have terrible races
(03:12 / Allies) Open(minded): for rushing
(03:16 / Allies) Highper.ch: fucking racist
(03:18 / Allies) Open(minded): gonna just chill and creep
(03:46 / Allies) FSK_: out
(03:50 / Allies) Highper.ch: ?
(04:11 / All) AKUBO-FAN: go away homos
(04:13 / All) AKUBO-FAN: i have towers
(04:14 / All) AKUBO-FAN: get lost
(05:24 / Allies) FSK_: are we rushing?
(05:34 / Allies) Highper.ch: no, I am practising fast expo trick
(06:56 / Allies) Highper.ch: perfect I got top right expo
(07:22 / Allies) Open(minded): wtf
(07:23 / Allies) Highper.ch: go away
(07:23 / Allies) Open(minded): ?
(07:36 / Allies) Open(minded): thats pretty gay
(07:37 / Allies) Highper.ch: you said you couldn't fast expo this map
(07:42 / Allies) Highper.ch: yellow actually
(08:43 / Allies) Highper.ch: mechanical critters op
(08:57 / Allies) FSK_: lmao
(08:59 / Allies) FSK_: gj
(09:02 / Allies) FSK_: impressive
(09:05 / Allies) Highper.ch: thanks
(09:18 / Allies) Highper.ch: eles
(10:10 / All) AKUBO-FAN: GIVE ME SOME SUGAR BABY
(11:23 / Allies) FSK_: omw
(11:30 / Allies) Open(minded): fucking rigged hero
(11:33 / Allies) Open(minded): 2 shotted me
(12:02 / Allies) Open(minded): such a joek
(12:07 / Allies) Open(minded): i need gold plz
(12:14 / Allies) Open(minded): lost every single peasnt
(12:26 / Allies) Open(minded): ty
(12:29 / Allies) Highper.ch: np
(13:02 / All) Open(minded): what the fuck?
(13:22 / All) Q(o.o)9ComeAtMe: NO TP FOR YOU
(13:23 / Allies) Open(minded): Oj just tp'd to my building...
(13:56 / Allies) Open(minded): these fucking gay bms are hackign i swear
(14:00 / Allies) Open(minded): ove rpwoerd as fuck
(14:11 / Allies) Open(minded): did you see that?
(14:13 / Allies) Open(minded): destroyed you
(14:15 / Allies) Open(minded): in 2 seconsd
(14:17 / Allies) Highper.ch: yeah it's stupid
(14:29 / Allies) Open(minded): i'm quitting and saving replay
(14:36 / Allies) Open(minded): OJ's hero and army TELEPORTED to MY BUILDING
(14:45 / Allies) FSK_: turn him in
(14:53 / Allies) FSK_: reporthacks.com or something
(15:54 / Allies) playa26: lets hit
(15:56 / Allies) Highper.ch: k
(16:49 / All) Highper.ch: LOL
(16:52 / All) Highper.ch: every fiend dead
(17:23 / All) Highper.ch: nice try
(17:31 / All) Solo.Dip: 6 hp your lucky ...
(17:35 / All) Highper.ch: all skill bro
(17:46 / All) Solo.Dip: lol
(17:59 / Allies) FSK_: gold plz
(18:02 / Allies) FSK_: for hero
(19:09 / Allies) FSK_: pur
(19:14 / Allies) FSK_: why don't you mass
(19:23 / Allies) FSK_: you have 4k
(19:24 / Allies) Highper.ch: not much gold on this map
(19:26 / Allies) Highper.ch: best to stay at 50 food
(19:37 / Allies) FSK_: give me gold then
(19:41 / Allies) FSK_: so i can be useful
(19:43 / Allies) FSK_: or something
(19:44 / Allies) FSK_: lol
(19:45 / All) Q(o.o)9ComeAtMe: I want lumber like a fat kid want kid yo
(19:46 / All) AKUBO-FAN: give me some sugar baby
(20:22 / All) AKUBO-FAN: teal what did u say earlier
(20:48 / All) Highper.ch: sick non-cancel
(21:03 / All) AKUBO-FAN: potential standoff
(21:33 / All) AKUBO-FAN: pink
(21:34 / All) AKUBO-FAN: do not leave
(21:59 / Allies) FSK_: i need a gold
(22:24 / All) AKUBO-FAN: 'teal
(22:26 / All) AKUBO-FAN: i want wood teal
(22:33 / All) Highper.ch: wood me teal
(22:58 / Allies) Highper.ch: thanks
(24:08 / All) AKUBO-FAN: GIVE ME SOME SUGAR BABY
(25:41 / All) Highper.ch: nice try
(26:21 / All) AKUBO-FAN: give me some sugar baby
(26:35 / All) Q(o.o)9ComeAtMe: blue is a lumber hoarder, gg
(27:00 / All) AKUBO-FAN: U CAN KEEP
(27:04 / All) AKUBO-FAN: 4 aoboms
(27:05 / All) AKUBO-FAN: teal
(27:21 / Allies) playa26: purp make griffens and towers
(27:45 / Allies) playa26: and can you give me 300 gold plz
(27:48 / All) Q(o.o)9ComeAtMe: hack plan lol
(27:49 / All) AKUBO-FAN: YEA
(27:53 / All) AKUBO-FAN: A HACK PLAN
(27:58 / All) AKUBO-FAN: RICHARD THE LIONHEART
(28:01 / All) AKUBO-FAN: HAIL TO THE KING
(28:16 / All) AKUBO-FAN: WHY ARE YOU HEATHENS EVEN TRYING
(28:22 / Allies) playa26: highper.ch can you give me 300 gold plz
(28:34 / All) AKUBO-FAN: yes
(28:35 / All) AKUBO-FAN: blue
(28:37 / All) AKUBO-FAN: LAWL
(29:05 / Allies) Highper.ch: they are backstabbing
(29:31 / Allies) playa26: hahaha let em
(30:15 / All) AKUBO-FAN: red got a lvl 6 hero hella fast
(30:19 / All) AKUBO-FAN: hail to the king
(30:20 / Allies) playa26: i think were gonna win
(30:42 / All) AKUBO-FAN: INTO THE PIT WITH THOSE BLOOD THIRSTY WAR SAVAGES
(30:43 / All) AKUBO-FAN: INTO THE PIT WITH THOSE BLOOD THIRSTY WAR SAVAGES
(31:37 / All) Highper.ch: Flamechamp, want to explain the plan for a change?
(31:38 / All) AKUBO-FAN: what were u saying earlier teal, something about not attacking
(32:27 / Allies) playa26: makeing tanks?
(32:34 / Allies) Highper.ch: yeah
(33:05 / All) Highper.ch: GG with burrows
(33:07 / All) Highper.ch: Pro.
(33:24 / All) AKUBO-FAN: my KODOS WILL DEVOUR YOU
(34:52 / All) AKUBO-FAN: WHY CANT I DEVOUR UR BLOODMAGE
(35:03 / All) Highper.ch: I have antidevour hack
(35:10 / All) AKUBO-FAN: BLUE SAID we hacked
(35:16 / All) Highper.ch: So did green
(35:50 / All) AKUBO-FAN: ROD
(35:55 / All) AKUBO-FAN: THE BEST WAY TO APPEASE THE GREAT TURNCOAT
(35:57 / All) AKUBO-FAN: IS TO DO THIS
(36:03 / All) AKUBO-FAN: DIE BM
(36:04 / All) AKUBO-FAN: DIE
(36:30 / All) Q(o.o)9ComeAtMe: I need some lumber
(36:47 / All) AKUBO-FAN: WORKING ON IT NOW CHIEF
(37:10 / All) AKUBO-FAN: FOUND IT
(37:12 / All) AKUBO-FAN: BOT LEFT CORNER
(37:19 / All) AKUBO-FAN: COMING #2
(37:24 / All) Highper.ch: Thank you #3.
(38:15 / All) Highper.ch: Nice try teal.
(38:40 / All) Q(o.o)9ComeAtMe: why is wyrm only one food less than level 10 dragon
(38:46 / Allies) playa26: im confused on whats going on
(38:53 / All) AKUBO-FAN: die turncoat
(38:54 / All) AKUBO-FAN: DIE
(38:59 / All) Highper.ch: Yellow says he's confused
(39:23 / All) AKUBO-FAN: Why you kill my dinosaur
(39:31 / All) AKUBO-FAN: little foot needed to find the great valley
(39:37 / All) AKUBO-FAN: past the rock that looked like a longneck
(39:39 / All) Highper.ch: sick swastika but it's a buddhist one
(39:44 / All) Highper.ch: Nazi one is angled
(39:46 / All) AKUBO-FAN: and past the great treeeee starrr
(39:52 / All) Q(o.o)9ComeAtMe: There's no such thing lawl
(39:57 / All) Q(o.o)9ComeAtMe: Swastika is swastika
(40:03 / All) Q(o.o)9ComeAtMe: as long as it's that direction
(40:10 / All) Highper.ch: Nationalist-Socialist and Buddhist swastika are different
(40:15 / All) AKUBO-FAN: LITTLE FOOT
(40:17 / All) AKUBO-FAN: LITTLE FOOT
(40:23 / All) Q(o.o)9ComeAtMe: there are right facing swastikas used by Nazi iconography
(40:25 / All) AKUBO-FAN: WAIT MOTHER
(40:26 / All) AKUBO-FAN: WAIT
(40:35 / All) Highper.ch: their party's logo has an angled one
(40:43 / All) Q(o.o)9ComeAtMe: Let's not nitpick son
(41:08 / All) AKUBO-FAN: WTF LEAVE
(41:11 / All) AKUBO-FAN: SARAH ALONE
(41:48 / All) AKUBO-FAN: i upset the great turncoat
(42:12 / All) AKUBO-FAN: NOOOO!
(42:20 / All) AKUBO-FAN: I GIVE U WOOD NOW
(42:22 / All) AKUBO-FAN: MR
(42:23 / All) AKUBO-FAN: OK?
(42:34 / All) AKUBO-FAN: WE ARE FRIENDS
(43:22 / All) AKUBO-FAN: I KILL UR GG SIGN
(43:25 / All) AKUBO-FAN: THE WORK OF ART
(43:28 / All) AKUBO-FAN: WILL BE DONATED
(43:30 / All) AKUBO-FAN: TO SALVATION ARMY
(43:53 / All) Highper.ch: Reveal just outside of my base south of the gob shop
(44:00 / All) AKUBO-FAN: COMING
(44:02 / All) AKUBO-FAN: #2
(44:13 / All) Highper.ch: ez
(44:20 / All) AKUBO-FAN: WHAT DOES EZ MEAN
(44:27 / All) Highper.ch: EZ-PZ LEMON SQUEEZY
(44:35 / All) Highper.ch: EASY
(45:13 / All) AKUBO-FAN: DONT KILL SARAH
(46:19 / All) AKUBO-FAN: THE BEST WAY TO APPEAE #1 IS TO WILLFULLY ACCEPT DEATH BY HIS HANDS
(46:22 / All) AKUBO-FAN: TEELO MADE THE MISTAKE
(46:26 / All) AKUBO-FAN: OF DENYING THIS
(47:38 / All) AKUBO-FAN: shit
(47:45 / All) AKUBO-FAN: he on my ass
(47:51 / All) Highper.ch: What did you do?
(47:52 / All) AKUBO-FAN: like a
(48:01 / All) AKUBO-FAN: tried to get him to kill me
(49:07 / All) Highper.ch: Reveal near my expo at green's old base
(49:09 / All) Highper.ch: I did a better swastika
(49:56 / All) Highper.ch: reveal it
(50:14 / All) Highper.ch: reveal
(50:33 / All) Q(o.o)9ComeAtMe: hang on gotta deal with a thorn in my side
(51:29 / All) AKUBO-FAN: IDIET HAHA
(51:29 / All) Highper.ch: I saw you nearby it
(51:38 / All) Highper.ch: passing thorugh ez
(51:49 / All) Q(o.o)9ComeAtMe: check out Jake's old sty
(52:12 / All) Highper.ch: OPL
(52:19 / All) Highper.ch: What's full message?
(52:23 / All) Q(o.o)9ComeAtMe: SO FLY!
(52:23 / All) AKUBO-FAN: I DON TUNDERSTAND IT
(52:31 / All) Highper.ch: check my old expo
(52:34 / All) Highper.ch: top right
(52:36 / All) Highper.ch: green's old base
(52:36 / All) Q(o.o)9ComeAtMe: kill the towers in your expo
(52:50 / All) Q(o.o)9ComeAtMe: he wants to make them block my direction
(52:55 / All) AKUBO-FAN: LAWL
(53:18 / All) Highper.ch: Are you going to scout my swastika?
(53:23 / All) Q(o.o)9ComeAtMe: No
(53:26 / All) Q(o.o)9ComeAtMe: oh
(53:27 / All) Highper.ch: Why
(53:29 / All) Q(o.o)9ComeAtMe: I read that as "cut"
(53:34 / All) Q(o.o)9ComeAtMe: I'll scout it
(54:06 / All) Q(o.o)9ComeAtMe: cannon towers very realistic
(54:11 / All) Highper.ch: yeah
(54:13 / All) Q(o.o)9ComeAtMe: fucked up now son
(54:16 / All) Q(o.o)9ComeAtMe: no tps for you
(54:22 / All) Highper.ch: You like it?
(54:36 / All) Q(o.o)9ComeAtMe: yes nicely done
(54:47 / All) Highper.ch: Thank you, my Caesar.
(55:04 / All) AKUBO-FAN: GOD
(55:26 / All) Highper.ch: Turncoat is ruthless. He is a blunt, killing machine. A force of nature. You cannot stop him just as you cannot stop a
(55:29 / All) Highper.ch: hurricane,.
(55:32 / Allies) playa26: so are we trying to win or what
(55:35 / All) AKUBO-FAN: AHAH
(55:37 / All) AKUBO-FAN: RAPED
(55:38 / All) AKUBO-FAN: u
(55:56 / All) Highper.ch: Yellow is still wondering if we will win or not
(56:49 / All) Q(o.o)9ComeAtMe: you ain't getting out alive
(56:59 / All) AKUBO-FAN: i concede
(57:05 / All) Q(o.o)9ComeAtMe: yeah cuz you dead boi
(57:51 / All) AKUBO-FAN: i am going to bed
(58:00 / All) AKUBO-FAN: long day tomorrow, hav eto wake up at 10 am
(58:13 / All) Q(o.o)9ComeAtMe: Sea World opening early|
(58:17 / All) AKUBO-FAN: lawl
(58:23 / All) AKUBO-FAN: monterey aquariam
(58:53 / All) AKUBO-FAN: may i go to bed #2
(59:06 / All) Highper.ch: Yes, if you name every president of the USA.
(59:21 / All) AKUBO-FAN: white old men there you go
(59:34 / All) Highper.ch: This stab has dragged on.
(59:37 / All) Q(o.o)9ComeAtMe: That idiot!
(59:42 / All) Q(o.o)9ComeAtMe: You just disobeyed an order!
(59:45 / All) Q(o.o)9ComeAtMe: There has been one nigger!
(60:08 / All) Highper.ch: Yellow trying to bladestorm an ally once I attacked him. lol
(63:09 / All) Highper.ch: Killing my last farms
(63:46 / All) Q(o.o)9ComeAtMe: I'm curious as to why Jacob said "ahah raped u" it's after he tp staffed away, he died shortly after
(63:55 / All) Highper.ch: EZ is making it harder
(64:15 / All) Q(o.o)9ComeAtMe: probably wouldn't have been easier to kill the unit producers
(64:47 / All) Highper.ch: probably
(66:19 / All) Highper.ch: suiciding my stuff now
(67:07 / All) Highper.ch: 0 food
(67:09 / All) Highper.ch: Good luck everyone
(67:11 / All) Q(o.o)9ComeAtMe: Good luck, gentlemen.
(67:12 / All) Highper.ch: LET IT BEGIN, LET IT BEGIN